 Dungeon Crawl Stone Soup version 0.18-a0-1562-gac8da35 (webtiles) character file.

77 SlimeFever the Chiller (level 4, -3/37 HPs)
             Began as a Naga Ice Elementalist on Mar 13, 2016.
             Slain by Robin
             ... wielding a +0 spear
              (5 damage)
             ... on level 2 of the Dungeon.
             The game lasted 00:19:52 (1917 turns).

SlimeFever the Chiller (Naga Ice Elementalist)      Turns: 1917, Time: 00:19:52

Health: -3/37      AC:  2    Str: 10    XL:     4   Next: 33%
Magic:  6/17       EV: 15    Int: 15    God:
Gold:   80         SH:  0    Dex: 18    Spells: 2 memorised, 6 levels left

rFire  . . .     SeeInvis +     p - +1 dagger (venom)
rCold  . . .     Gourm    .     a - +0 robe
rNeg   . . .     Faith    .     (no shield)
rPois  +         Spirit   .     (no helmet)
rElec  .         Dismiss  .     (no cloak)
rCorr  .         Reflect  .     (no gloves)
SustAt .         Harm     .     (no barding)
MR     .....                    (no amulet)
Stlth  ++++......               m - ring of magical power
                                (no ring)

@: agile, very slow, not resistant to hostile enchantments, stealthy
A: see invisible, deformed body, poison resistance, slowness 2, slow metabolism
1, spit poison 2, AC +1
a: Spit Poison


You were on level 2 of the Dungeon.
You were not hungry.

You visited 1 branch of the dungeon, and saw 3 of its levels.

You collected 80 gold pieces.

Inventory:

Hand Weapons
 k - a +1 short sword
 p - a +1 dagger of venom (weapon)
Missiles
 e - 7 arrows of frost
 f - 5 bolts
 g - 7 javelins of returning (quivered)
 h - 18 arrows
Armour
 a - a +0 robe (worn)
Jewellery
 m - a ring of magical power (right hand)
Scrolls
 j - a scroll of enchant weapon
 l - a scroll of remove curse
Potions
 n - a potion of cancellation {unknown}
 o - a potion of agility
Books
 b - a book of Frost

   Spells                             Type                      Level
   a - Freeze                         Ice                          1
   b - Throw Frost                    Conjuration/Ice              2
   c - Ozocubu's Armour               Charms/Ice                   3
   d - Throw Icicle                   Conjuration/Ice              4
   e - Summon Ice Beast               Ice/Summoning                4
Comestibles
 c - 3 bread rations
 d - a meat ration


   Skills:
 + Level 0.6 Fighting
 + Level 0.2 Short Blades
 + Level 0.3 Throwing
 + Level 1.9 Dodging
 + Level 3.3 Stealth
 + Level 3.0 Spellcasting
 + Level 1.3 Conjurations
 + Level 3.5 Ice Magic


You had 6 spell levels left.
You knew the following spells:

 Your Spells              Type           Power        Failure   Level  Hunger
a - Freeze                Ice            ##..         6%          1    #......
b - Throw Frost           Conj/Ice       #.....       12%         2    ##.....


Dungeon Overview and Level Annotations

Branches:
Dungeon (3/15)

Altars:

Annotations:
D:2 Robin


Innate Abilities, Weirdness & Mutations

You cannot wear boots.
Your serpentine skin is tough (AC +1).
You have supernaturally acute eyesight.
Armour fits poorly on your strangely shaped body.
Your system is resistant to poisons.
You cover ground very slowly.
You have a slow metabolism.
You can spit poison.


Message History

The floor.
Robin barely misses you.
You see here a goblin corpse.
Casting: Freeze
Confirm with . or Enter, or press ? or * to list all spells.
Aiming: Throw Frost
Press: ? - help, Shift-Dir - straight line, f - Robin
Aim: Robin, wielding a spear, wearing an animal skin and wearing a helmet (moderately wounded)
The puff of frost hits Robin.
Robin is heavily wounded.
Robin closely misses you.
Casting: Throw Frost
Confirm with . or Enter, or press ? or * to list all spells.
Aiming: Throw Frost
Press: ? - help, Shift-Dir - straight line, f/p - Robin
Aim: Robin, wielding a spear, wearing an animal skin and wearing a helmet (heavily wounded)
The puff of frost hits Robin.
Robin appears unharmed.
Robin is heavily wounded.
Robin hits you from afar with a spear.
You die...

########## #....[...#
#.######.# #.# #.###
#### #@# #.#.####...
#.# #.#......##
#g######.#.######.
######......#.#.#....#.
#....#..###.#.#.#.####.
#.##.#....#.#.#......#.
#.##.#)...#.#.###.####.
#.##.#><.............##
#.##.#....#.#.###.#.##


You could see Robin.

Vanquished Creatures
  2 adders (D:2)
  A dart slug (D:1)
  2 giant geckos (D:2)
  An orc (D:2)
  2 giant cockroaches (D:2)
  12 goblins
  13 hobgoblins
  A quokka (D:2)
  2 ball pythons (D:2)
  5 bats
  3 giant newts
  3 kobolds (D:1)
  2 rats (D:1)
49 creatures vanquished.

Notes
Turn   | Place    | Note
--------------------------------------------------------------
     0 | D:1      | SlimeFever the Naga Ice Elementalist began the quest for the Orb.
     0 | D:1      | Reached XP level 1. HP: 15/15 MP: 3/3
   206 | D:1      | Reached XP level 2. HP: 5/22 MP: 0/5
   349 | D:1      | Learned a level 2 spell: Throw Frost
  1046 | D:2      | Reached XP level 3. HP: 28/28 MP: 6/6
  1783 | D:2      | Reached XP level 4. HP: 34/37 MP: 3/8
  1894 | D:3      | Noticed Robin
  1913 | D:2      | HP: 1/37 [hobgoblin/club[Robin] (3)]
  1917 | D:2      | Slain by Robin

Vault maps used:
D:1:      dpeg_arrival_rhombus, roderic_lattice_a
D:2:      first_bread, kennysheep_generic_room_13
D:3:      lemuel_tele_altar, uniq_robin, uniq_iyjb, uniq_crazy_yiuf_cottage

Skill      XL: |  1  2  3  4 |
---------------+-------------+-----
Spellcasting   | 3 |  3.0
Fighting       | |  0.6
Short Blades   | |  0.2
Throwing       | |  0.3
Dodging        | |  1.9
Stealth        | |  3.3
Conjurations   | |  1.3
Ice Magic      | |  3.5

Action                   |  1- 3 |  4- 6 || total
-------------------------+-------+-------++-------
Melee: Unarmed           |     8 |       ||     8
       Short sword       |    25 |       ||    25
       Dagger            |     3 |     4 ||     7
Throw: Javelin           |     7 |       ||     7
 Cast: Freeze            |    31 |    10 ||    41
       Throw Frost       |    23 |     7 ||    30
  Use: Scroll            |     4 |       ||     4
       Potion            |       |     2 ||     2
 Stab: Sleeping          |     2 |       ||     2
  Eat: Fruit             |     4 |       ||     4
       Pizza             |     2 |       ||     2
